 Dungeon Crawl Stone Soup version 0.26-b1-32-g5d43845318 (webtiles) character file.

Game seed: 7808263194256484944

13736 night the Thaumaturge (level 12, 0/91 HPs)
             Began as a Merfolk Venom Mage on Jan 11, 2021.
             Was a Priest of Nemelex Xobeh.
             Slain by a sixfirhy (10 damage)
             ... summoned by an orc sorcerer
             ... led by an orc knight
             ... on level 1 of the Orcish Mines.
             The game lasted 00:52:16 (14077 turns).

night the Thaumaturge (Merfolk Venom Mage)         Turns: 14077, Time: 00:52:16

Health: 0/91       AC:  5    Str:  9    XL:     12   Next: 9%
Magic:  26/35      EV: 12    Int: 18    God:    Nemelex Xobeh [***...]
Gold:   292        SH:  5    Dex: 15    Spells: 15/32 levels left

rFire    . . .     SeeInvis .   C - +3 trident
rCold    + . .     Faith    .   t - +0 buckler
rNeg     . . .     Spirit   .   u - +2 leather armour {Will+}
rPois    .         Reflect  .   (no helmet)
rElec    .         Harm     .   (no cloak)
rCorr    .         Rampage  .   (no gloves)
Will     +....                  (no boots)
Stlth    ++........             J - amulet of regeneration
HPRegen  0.65/turn              f - ring of protection from cold
MPRegen  0.24/turn              n - ring of magical power

@: no status effects
A: change form in water, swift swim, stealthy swim
a: Renounce Religion, Draw Escape, Draw Destruction, Draw Summoning, Triple Draw


You were on level 1 of the Orcish Mines.
You worshipped Nemelex Xobeh.
Nemelex Xobeh was most pleased with you.
You visited 3 branches of the dungeon, and saw 13 of its levels.
You also visited: Sewer.

You collected 1137 gold pieces.
You spent 845 gold pieces at shops.

Inventory:

Hand Weapons
 i - a +2 fustibalus of freezing
 l - a +1 short sword
 C - a +3 trident (weapon)
 P - a +2 vampiric short sword
Missiles
 r - 65 poisoned darts
 E - 6 javelins
 F - 15 boomerangs
Armour
 a - a +0 robe
 c - a +0 scale mail
 e - a +1 tower shield of cold resistance
 t - a +0 buckler (worn)
 u - a +2 leather armour of willpower (worn)
Magical Staves
 v - an uncursed staff of fire
Jewellery
 f - a ring of protection from cold (left hand)
 j - an uncursed ring of resist corrosion
 n - a ring of magical power (right hand)
 s - an uncursed amulet of guardian spirit
 x - an uncursed ring of stealth
 y - an uncursed ring of flight
 J - an amulet of regeneration (around neck)
 L - an uncursed amulet of magic regeneration
Wands
 m - a wand of paralysis (13)
 A - a wand of random effects (14)
 M - a wand of flame (13)
 O - a wand of acid (7)
 R - a wand of disintegration (15)
 T - a wand of enslavement (9)
Scrolls
 b - 3 scrolls of remove curse
 g - 4 scrolls of blinking
 p - 9 scrolls of identify
 q - 7 scrolls of teleportation
 B - a scroll of magic mapping
 I - 2 scrolls of amnesia
 N - a scroll of enchant armour
 S - a scroll of enchant weapon
Potions
 d - 2 potions of curing
 h - 2 potions of haste
 k - a potion of might
 o - 2 potions of flight
 w - a potion of ambrosia
 z - 2 potions of resistance
 D - 2 potions of lignification
 G - 2 potions of attraction
 H - a potion of heal wounds
Miscellaneous
 Q - a condenser vane


   Skills:
 + Level 7.0 Fighting
 + Level 9.1 Polearms
 - Level 2.6 Dodging
 - Level 2.1 Stealth
 - Level 4.0 Shields
 + Level 10.5 Spellcasting
 - Level 1.3 Transmutations
 - Level 2.0 Fire Magic
 * Level 7.2 Ice Magic
 - Level 2.0 Air Magic
 - Level 10.0 Poison Magic
 - Level 2.8 Invocations


You had 15 spell levels left.
You knew the following spells:

 Your Spells              Type           Power        Failure   Level
a - Sting                 Tmut/Pois      100%         1%          1
b - Mephitic Cloud        Conj/Pois/Air  23%          6%          3
c - Ignite Poison         Fire/Tmut/Pois 25%          4%          3
d - Olgreb's Toxic Radia  Pois           45%          1%          4
e - Ozocubu's Refrigerat  Ice            17%          63%         6

Your spell library contained the following spells:

 Spells                   Type           Power        Failure   Level
 Poisonous Vapours        Pois/Air       62%          1%          2
 Spider Form              Tmut/Pois      14%          3%          3
 Beastly Appendage        Tmut           28%          6%          1
 Shock                    Conj/Air       52%          7%          1
 Wereblood                Tmut           14%          10%         2
 Animate Skeleton         Necr           18%          11%         1
 Pain                     Necr           36%          11%         1
 Ice Form                 Ice/Tmut       25%          19%         4
 Vampiric Draining        Necr           4%           32%         3
 Metabolic Englaciation   Hex/Ice        11%          54%         5
 Animate Dead             Necr           4%           71%         4
 Blade Hands              Tmut           7%           86%         5
 Agony                    Necr           9%           96%         5
 Simulacrum               Ice/Necr       11%          98%         6
 Freezing Cloud           Conj/Ice/Air   10%          99%         6
 Iron Shot                Conj/Erth      4%           100%        6
 Starburst                Conj/Fire      6%           100%        6
 Orb of Destruction       Conj           4%           100%        7


Dungeon Overview and Level Annotations

Branches:
Dungeon (10/15)            Temple (1/1) D:7             Orc (2/2) D:9
  Sewer (visited)
   Lair: D:8-11         Elf: Orc:2

Altars:
Ashenzari
Cheibriados
Dithmenos
Elyvilon
Fedhas
Gozag
Hepliaklqana
Kikubaaqudgha
Makhleb
Nemelex Xobeh
Okawaru
Qazlal
Ru
Sif Muna
Trog
Uskayaw
Vehumet
Wu Jian
Xom
Yredelemnul
Zin
The Shining One

Shops:
D:6 }**(?   D:9 *   Orc:1 [   Orc:2 =


Message History

Press: ? - help, Shift-Dir - straight line, f - orc wizard
Aim: an orc wizard, wielding a +2 dagger of venom and wearing a +0 robe (almost dead, fast, strong, poisoned, 28% to evade)
The sting hits the orc wizard.
The orc wizard looks even sicker.
You kill the orc wizard!
You hear some strange, mumbled words.
A puff of frost appears from out of thin air!
The puff of frost hits you. You resist.
You see here 13 gold pieces.
Evoke which item? (* to show all) (? for menu, Esc to quit)
Okay, then.
You feel a bit more experienced.
Your Fighting skill increases to level 7!
The sixfirhy hits you. The sixfirhy shocks you!
* * * LOW HITPOINT WARNING * * *
The sixfirhy hits you but does no damage.
You block the sixfirhy's attack. The sixfirhy hits you!
* * * LOW HITPOINT WARNING * * *
The sixfirhy shocks you!
You die...
Your body disappears without a glow.

## ##.
##.#####
###..$.#.##
##.........#
##....#.3...#
#....####@..#
#...o###....#
##...h#o..###
###o.....##
##.....#.#
##.)o......
#.#........
####)).#.....
#..))>###...∩


You could see an orc warlord (strong, poisoned), a sixfirhy (summoned) and an
orc sorcerer (strong).

Vanquished Creatures
  Erolcha (D:9)
  An orc high priest (Orc:2)
  3 orc knights (Orc:1)
  2 orc sorcerers
  Joseph (D:8)
  2 trolls
  A wyvern (D:9)
  15 yaks
  Eustachio (D:4)
  2 wargs (Orc:2)
  2 water moccasins
  14 orc warriors
  2 ice beasts
  3 phantoms
  3 sky beasts
  2 black bears
  An eye of draining (D:10)
  2 necrophages
  10 ogres
  3 big kobolds
  6 bullfrogs
  A wyvern skeleton (D:7)
  A scorpion (D:2)
  4 killer bees (D:7)
  9 wights
  9 howler monkeys
  2 centaur zombies
  A quasit (D:7)
  2 bullfrog skeletons (D:8)
  4 hounds
  A gnoll shaman (D:5)
  7 orc priests
  2 jellies
  2 iguanas (D:6)
  15 orc wizards
  Ijyb (D:4)
  4 worker ants
  3 hound zombies
  A hound skeleton (D:5)
  A howler monkey zombie (D:10)
  8 gnolls
  19 adders
  2 shadow imps
  2 white imps
  4 ufetubi
  An ooze (D:3)
  2 adder skeletons
  8 leopard geckos
  47 orcs
  11 giant cockroaches
  11 goblins
  13 hobgoblins
  12 jackals
  6 quokkas
  7 ball pythons
  9 bats
  10 frilled lizards
  21 kobolds
  A leopard gecko skeleton (D:9)
  A quokka skeleton (D:3)
  5 rats
347 creatures vanquished.

Vanquished Creatures (collateral kills)
  A phantom (D:6)
1 creature vanquished.

Grand Total: 348 creatures vanquished

Notes
Turn   | Place    | Note
-------+----------+-------------------------------------------
     0 | D:1      | night the Merfolk Venom Mage began the quest for the Orb.
     0 | D:1      | Reached XP level 1. HP: 13/13 MP: 3/3
   436 | D:1      | Reached XP level 2. HP: 19/19 MP: 3/5
  1240 | D:2      | Reached XP level 3. HP: 24/24 MP: 1/6
  1244 | D:2      | Learned a level 3 spell: Mephitic Cloud
  1248 | D:2      | Learned a level 3 spell: Ignite Poison
  1351 | D:2      | Noticed a scorpion
  1376 | D:2      | Killed a scorpion
  1377 | D:2      | Reached XP level 4. HP: 13/30 MP: 2/8
  1746 | D:2      | Reached skill level 5 in Poison Magic
  2029 | D:2      | Found a sacrificial altar of Ru.
  2029 | D:2      | Found a blossoming altar of Fedhas.
  2030 | D:2      | Found a sparkling altar of Nemelex Xobeh.
  2040 | D:2      | Became a worshipper of Nemelex Xobeh the Trickster
  2461 | D:3      | Reached XP level 5. HP: 32/35 MP: 4/9
  2806 | D:3      | Found a glowing drain.
  2826 | Sewer    | Entered a sewer
  3056 | Sewer    | Reached skill level 1 in Invocations
  3211 | Sewer    | Reached XP level 6. HP: 27/41 MP: 0/11
  3419 | D:3      | Learned a level 4 spell: Olgreb's Toxic Radiance
  3868 | D:4      | Reached * piety under Nemelex Xobeh
  4048 | D:4      | Noticed Eustachio
  4130 | D:4      | Killed Eustachio
  4131 | D:4      | Reached XP level 7. HP: 46/46 MP: 0/13
  4764 | D:4      | Reached skill level 1 in Air Magic
  4858 | D:4      | Reached skill level 1 in Fire Magic
  4943 | D:4      | Received a gift from Nemelex Xobeh
  4964 | D:4      | Noticed Ijyb
  4972 | D:4      | Killed Ijyb
  5101 | D:4      | Found an ornate altar of the Wu Jian Council.
  5212 | D:4      | Found a hide-covered altar of Uskayaw.
  5278 | D:5      | Entered Level 5 of the Dungeon
  5519 | D:5      | Reached XP level 8. HP: 39/52 MP: 14/14
  5620 | D:5      | Received a gift from Nemelex Xobeh
  5625 | D:5      | Found a glowing silver altar of Zin.
  5625 | D:5      | Found a burning altar of Makhleb.
  5626 | D:5      | Noticed a cacodemon
  5626 | D:5      | Noticed an angel
  5682 | D:5      | Reached ** piety under Nemelex Xobeh
  5876 | D:5      | Found an iron altar of Okawaru.
  5901 | D:5      | Found a shimmering altar of Xom.
  5901 | D:5      | Found a shimmering altar of Xom.
  5907 | D:5      | Found a shimmering altar of Xom.
  5909 | D:5      | Found a shimmering altar of Xom.
  5909 | D:5      | Found a shimmering altar of Xom.
  5909 | D:5      | Found a shimmering altar of Xom.
  5919 | D:5      | Found an ancient bone altar of Kikubaaqudgha.
  6513 | D:5      | Received a gift from Nemelex Xobeh
  6955 | D:6      | Found Byog's Magic Scroll Emporium.
  6977 | D:6      | Found Zuisoine's Weapon Boutique.
  6998 | D:6      | Reached skill level 5 in Spellcasting
  7156 | D:6      | Found Heruk's General Store.
  7161 | D:6      | Bought a potion of heal wounds for 65 gold pieces
  7184 | D:6      | Found Mijoehid's General Store.
  7306 | D:6      | Found Zuiduptu's Gadget Emporium.
  7834 | D:7      | Reached XP level 9. HP: 57/57 MP: 17/17
  8033 | D:7      | Reached skill level 10 in Poison Magic
  8212 | D:6      | HP: 1/57 [phantom (9)]
  8488 | D:7      | Found a hazy altar of Hepliaklqana.
  8885 | D:7      | Found a staircase to the Ecumenical Temple.
  9059 | Temple   | Entered the Ecumenical Temple
  9423 | D:7      | Found a shimmering altar of Xom.
  9459 | D:8      | Reached skill level 1 in Polearms
  9459 | D:8      | Reached XP level 10. HP: 64/64 MP: 20/22
  9466 | D:8      | Reached skill level 1 in Fighting
  9472 | D:8      | Reached skill level 1 in Ice Magic
  9492 | D:8      | Reached skill level 1 in Shields
 10731 | D:8      | Noticed Joseph
 10739 | D:8      | Killed Joseph
 10996 | D:8      | Reached *** piety under Nemelex Xobeh
 10999 | D:8      | Received a gift from Nemelex Xobeh
 11243 | D:9      | Found Axell's General Store.
 11544 | D:9      | Found a staircase to the Orcish Mines.
 11551 | D:9      | Reached skill level 5 in Polearms
 11690 | D:9      | Identified Yhearah's Almanac of Air and Arcane Weapons
 11705 | D:9      | Noticed Erolcha
 11717 | D:9      | Killed Erolcha
 11718 | D:9      | Reached XP level 11. HP: 69/78 MP: 21/24
 11935 | D:10     | Entered Level 10 of the Dungeon
 12153 | D:10     | Reached skill level 5 in Fighting
 12155 | D:10     | Reached skill level 5 in Ice Magic
 12770 | Orc:1    | Entered Level 1 of the Orcish Mines
 13089 | Orc:1    | Noticed an orc knight
 13098 | Orc:1    | Killed an orc knight
 13099 | Orc:1    | Reached skill level 10 in Spellcasting
 13272 | Orc:2    | Entered Level 2 of the Orcish Mines
 13272 | Orc:2    | Noticed an orc sorcerer
 13275 | Orc:2    | Killed an orc sorcerer
 13289 | Orc:2    | Noticed an orc high priest
 13299 | Orc:2    | Killed an orc high priest
 13426 | Orc:1    | Noticed an orc knight
 13427 | Orc:1    | Noticed an orc knight
 13433 | Orc:1    | Killed an orc knight
 13436 | Orc:1    | Killed an orc knight
 13595 | Orc:2    | Found Heipp's Jewellery Boutique.
 13709 | D:6      | Bought a book of Ice for 780 gold pieces
 13716 | D:6      | Learned a level 6 spell: Ozocubu's Refrigeration
 14058 | Orc:1    | Noticed an orc warlord
 14058 | Orc:1    | Noticed an orc sorcerer
 14058 | Orc:1    | Noticed an orc knight
 14061 | Orc:1    | Found Zadof's Antique Armour Shoppe.
 14061 | Orc:1    | Noticed an orc sorcerer
 14064 | Orc:1    | Reached XP level 12. HP: 50/89 MP: 26/26
 14077 | Orc:1    | Slain by a sixfirhy

Illustrated notes

Levels and vault maps discovered:
D:1:      dpeg_arrival_shrine, layout_basic
D:2:      layout_basic, gammafunk_temple_overflow_claw, kennysheep_crisscross
D:3:      layout_basic, gup_sewer_entry_pipe
D:4:      kennysheep_the_goblin_king, layout_cave_pools,
          nzn_wu_jian_council_hall, lemuel_coloured_pillars_altar,
          uniq_eustachio, uniq_ijyb
D:5:      layout_basic, grunt_temple_overflow_order_and_chaos_2,
          lemuel_doored_altar, kiku_gazebo_garden_becter, serial_corexii_hall,
          chequers_hall_statues_wall_a, corexii_hall_statues_x,
          chequers_hall_statues_y, xom_redecorated
D:6:      layout_gridville, serial_shops, shop, shop, nicolae_shop_statue_plus,
          shop_fountains, shop, corexii_hall_statues_u
D:7:      layout_rooms, lemuel_round_altar, kennysheep_mini_moat,
          minmay_temple_entry_statues_fountains
D:8:      layout_gridville, uniq_joseph
D:9:      layout_roguey, orc_0_dummy, serial_shops, nicolae_shop_crystal,
          uniq_erolcha
D:10:     layout_basic
Temple:   minmay_temple_curvy_loop
Orc:1:    cheibrodos_orc_bank, layout_diamond_mine, basic_altar, serial_shops,
          shop
Orc:2:    st_orc_town, layout_caves, serial_shops, shop, nicolae_orc_pool_cavern

Skill      XL: |  1  2  3  4  5  6  7  8  9 10 11 12 |
---------------+-------------------------------------+-----
Poison Magic   | 4 5 6 7 9 10 | 10.0
Spellcasting   | 3 4 5 8 9 10 | 10.5
Invocations    | 1 2 |  2.8
Air Magic      | 1 2 |  2.0
Fire Magic     | 1 2 |  2.0
Polearms       | 1 5 8 9 |  9.1
Fighting       | 4 6 7 |  7.0
Ice Magic      | 4 6 7 |  7.2
Shields        | 3 4 |  4.0
Dodging        | |  2.6
Stealth        | |  2.1
Transmutations | |  1.3

Action                   |  1- 3 |  4- 6 |  7- 9 | 10-12 || total
-------------------------+-------+-------+-------+-------++-------
Melee: Unarmed           |    13 |       |       |       ||    13
       Short sword       |       |    19 |    44 |       ||    63
       Tailslap          |       |     1 |       |       ||     1
       Spear             |       |       |    71 |       ||    71
       Trident           |       |       |     4 |   211 ||   215
 Cast: Sting             |    43 |    73 |    69 |    72 ||   257
       Mephitic Cloud    |       |     1 |    16 |    20 ||    37
       Olgreb's Toxic Ra |       |     7 |    32 |    47 ||    86
       Ignite Poison     |       |     1 |    25 |    34 ||    60
Invok: Draw Destruction  |       |       |     3 |       ||     3
       Draw Summoning    |       |       |     1 |       ||     1
Evoke: Wand              |       |       |     2 |       ||     2
  Use: Potion            |       |     3 |     1 |       ||     4
       Scroll            |       |     5 |    10 |     3 ||    18
 Stab: Sleeping          |       |       |     1 |     1 ||     2
Armor: Robe              |     7 |     2 |       |       ||     9
       Leather armour    |       |       |    54 |    74 ||   128
Dodge: Dodged            |    27 |    57 |   120 |   142 ||   346
Block: Buckler           |       |       |     2 |    65 ||    67
